 Dungeon Crawl Stone Soup version 0.31-a0-365-gcf821cafb2 (webtiles) character file.

Game seed: 1855752162337906451

366 avis the Scratcher (level 6, -1/28 HPs)
             Began as a Felid Shapeshifter on July 28, 2023.
             Killed by an exploding themself (22 damage)
             ... ignited by their inner flame
             ... on level 6 of the Dungeon.
             The game lasted 00:34:03 (5775 turns).

avis the Scratcher (Felid Shapeshifter)             Turns: 5775, Time: 00:34:04

Health: -1/28      AC:  4    Str: 11    XL:     6   Next: 40%
Magic:  3/8        EV: 33    Int: 11    God:
Gold:   222        SH:  0    Dex: 17    Spells: 2/7 levels left
                                        Lives:  0   Deaths: 1

rFire   . .          .
                       - Unarmed
rCold   . . .        (shield unavailable)
rNeg    + . .        (body armour unavailable)
rPois   +            (helmet unavailable)
rElec   .            (cloak unavailable)
rCorr   .            (gloves unavailable)
SInv    +            (boots unavailable)
Will    .....        t - amulet of the acrobat
Stlth   ++           h - ring of positive energy
HPRegen 0.24/turn    r - ring of poison resistance
MPRegen 0.11/turn

%: acrobat
@: beast-form, acrobatic, quick
A: beast (slay +2), very small, claws 1, fangs 3, see invisible, speed 1, shaggy
fur 2, stealthy paws, no weapons or thrown items, no armour, multi-lived,
iridescent scales 1
a: Begin Untransformation


You were on level 6 of the Dungeon.
You were a hulking beast.
You visited 1 branch of the dungeon, and saw 6 of its levels.
You also visited: Sewer.

You collected 222 gold pieces.

Inventory:

Jewellery
 h - a ring of positive energy (left paw)
 r - a ring of poison resistance (right paw)
 s - a ring of fire
 t - an amulet of the acrobat (around neck)
Talismans
 b - a beast talisman
Scrolls
 a - a scroll of enchant armour {unknown}
 c - 2 scrolls of poison {unknown}
 d - a scroll of immolation {unknown}
 f - 6 scrolls of identify {unknown}
 i - 3 scrolls of amnesia {unknown}
 j - a scroll of noise {unknown}
 k - a scroll of revelation {unknown}
 l - 2 scrolls of fear {unknown}
 m - a scroll of silence {unknown}
 p - a scroll of vulnerability {unknown}
 q - a scroll of enchant weapon {unknown}
 u - 2 scrolls of teleportation {unknown}
 w - a scroll of acquirement {unknown}
Potions
 e - a potion of degeneration
 g - 2 potions of mutation
 n - 2 potions of lignification
 o - a potion of brilliance
 v - a potion of curing {unknown}
 x - a potion of magic {unknown}


   Skills:
 * Level 4.2 Fighting
 - Level 3.0 Dodging
 - Level 3.0 Stealth
 - Level 5.0 Unarmed Combat
 - Level 1.0 Spellcasting
 - Level 4.0 Hexes
 - Level 1.0 Summonings
 + Level 0.5 Transmutations
 - Level 4.0 Shapeshifting


You had 2 spell levels left.
You knew the following spells:

 Your Spells              Type           Power      Damage    Failure   Level
e - Wereblood             Tmut           1%         N/A       36%         2
g - Summon Guardian Gole  Hex/Summ       6%         N/A       34%         3

Your spell library contained the following spells:

 Spells                   Type           Power      Damage    Failure   Level
 Necrotise                Necr           0%         1d4       32%         1
 Poisonous Vapours        Pois/Air       0%         N/A       43%         2
 Sublimation of Blood     Necr           0%         N/A       43%         2
 Inner Flame              Hex/Fire       4%         N/A       38%         3
 Hailstorm                Conj/Ice       0%         3d3       67%         3
 Mephitic Cloud           Conj/Pois/Air  0%         N/A       67%         3
 Vampiric Draining        Necr           0%         2d6       67%         3
 Summon Ice Beast         Ice/Summ       1%         N/A       95%         4
 Yara's Violent Unravell  Hex/Tmut       2%         3d3       98%         5
 Agony                    Necr           0%         N/A       100%        5
 Freezing Cloud           Conj/Ice/Air   0%         6-21      100%        5
 Simulacrum               Ice/Necr       0%         N/A       100%        6
 Enfeeble                 Hex            4%         N/A       100%        7
 Orb of Destruction       Conj           0%         9d5       100%        7
 Spellforged Servitor     Conj/Summ      0%         N/A       100%        7
 Summon Hydra             Summ           1%         N/A       100%        7


Dungeon Overview and Level Annotations

Branches:
Dungeon (6/15)              Sewer (visited)
 Temple: D:4-7

Altars:
Ru
The Shining One

Annotations:
D:1 Glass case


Innate Abilities, Weirdness & Mutations

You are a hulking beast.
Your limbs bulge with bestial killing power. (Slay +2)
You have sharp claws.
You have razor-sharp teeth.
You have supernaturally acute eyesight. (SInv)
You cover ground quickly. (Speed+)
You are covered in thick fur. (AC +2)
Your paws help you pounce on unaware monsters.
You are incapable of wielding weapons or throwing items.
You cannot wear armour.
You gain extra lives every three experience levels.
You are partially covered in iridescent scales. (AC +2)


Message History

Anything else - Cancel.
Gang up on whom?
Press: ? - help, Dir - move target, f - steam dragon
Aim: a steam dragon (ally target) Attack!
The steam dragon bites your guardian golem but does no damage.
The steam dragon claws your guardian golem but does no damage.
The steam dragon bites your guardian golem!
The steam dragon claws your guardian golem but does no damage.
The steam dragon bites your guardian golem.
The steam dragon claws your guardian golem but does no damage.
The steam dragon completely misses your guardian golem.
The steam dragon claws your guardian golem but does no damage.
The steam dragon barely misses your guardian golem.
The steam dragon claws your guardian golem.
Your magical contamination has completely faded away.
The steam dragon bites your guardian golem but does no damage.
The steam dragon claws your guardian golem.
The steam dragon bites your guardian golem but does no damage.
The steam dragon claws your guardian golem but does no damage.
The steam dragon bites your guardian golem!
The steam dragon claws your guardian golem but does no damage.
Your guardian golem overheats!
The steam dragon breathes steam at you.
The ball of steam hits your guardian golem.
Your guardian golem resists.
Flame seeps out of your guardian golem. The ball of steam misses you.
Your guardian golem is engulfed in blazing flames.
Flame seeps out of your guardian golem.
You are engulfed in a cloud of scalding steam.
Your guardian golem is engulfed in blazing flames.
Flame seeps out of your guardian golem.
The steam dragon completely misses you. x2
Your guardian golem is engulfed in blazing flames.
Your guardian golem disappears in a puff of smoke!
Your guardian golem explodes!
The fiery explosion engulfs the steam dragon!!
The steam dragon dies!
The fiery explosion engulfs you!!
Ouch! That really hurt!
You die...

#+####### ##...###....##.
#.......#########...###....##
......................>....<+
.<..>.......................#
............................#
#.......##.....##...###...###
##########.....###########
#.....§§§.....#
#.....§°h.....#
+.....§§§.....#
##.....######## ####'##
...............
.....?.........
...............
..##........... .
#...........


There were no monsters in sight!

Vanquished Creatures
  A sky beast (D:4)
  2 kobold brigands (Sewer)
  2 orc priests (D:5)
  2 sleepcaps (D:5)
  An orc wizard (D:3)
  6 gnolls
  6 adders
  2 river rats
  3 worms
  3 dart slugs
  16 orcs
  5 ball pythons
  3 endoplasms
  9 giant cockroaches
  4 goblins
  7 hobgoblins
  4 quokkas
  5 bats
  3 frilled lizards
  11 kobolds
  8 rats
103 creatures vanquished.

Vanquished Creatures (others)
  A steam dragon (D:6)
1 creature vanquished.

Grand Total: 104 creatures vanquished

Notes
Turn   | Place    | Note
-------+----------+-------------------------------------------
     0 | D:1      | avis the Felid Shapeshifter began the quest for the Orb.
     0 | D:1      | Reached XP level 1. HP: 9/9 MP: 2/2
   301 | D:1      | Reached skill level 1 in Stealth
   554 | D:1      | Reached XP level 2. HP: 13/13 MP: 3/3
   856 | D:2      | Found a faded altar of an unknown god.
  1331 | D:2      | Reached XP level 3. HP: 16/16 MP: 4/4
  2154 | D:3      | Reached XP level 4. HP: 13/21 MP: 5/5
  2530 | D:3      | Found a glowing drain.
  2534 | Sewer    | Entered a sewer
  2571 | Sewer    | Noticed a kobold brigand
  2584 | Sewer    | Gained mutation: You are partially covered in iridescent
                  | scales. (AC +2) [potion of mutation]
  2596 | Sewer    | Killed a kobold brigand
  2597 | Sewer    | Reached skill level 1 in Spellcasting
  2597 | Sewer    | Reached XP level 5. HP: 12/24 MP: 5/7
  2640 | Sewer    | Reached skill level 4 in Unarmed Combat
  2679 | Sewer    | Learned a level 3 spell: Summon Guardian Golem
  2717 | Sewer    | Reached skill level 1 in Hexes
  2917 | Sewer    | Gained mutation: You are covered in thick fur. (AC +2)
                  | [Felid growth]
  2917 | Sewer    | Reached XP level 6. HP: 28/28 MP: 8/8
  3119 | D:3      | Found a glowing golden altar of the Shining One.
  3175 | D:3      | Reached skill level 1 in Summonings
  3296 | D:3      | Found a sacrificial altar of Ru.
  3723 | D:4      | Reached skill level 5 in Unarmed Combat
  3831 | D:4      | Noticed a sky beast
  3868 | D:4      | Killed a sky beast
  4662 | D:5      | Entered Level 5 of the Dungeon
  4800 | D:5      | Learned a level 2 spell: Wereblood
  5009 | D:5      | Killed from afar by an orc priest
  5010 | D:5      | Reached XP level 5. HP: -1/24 MP: 7/7
  5025 | D:5      | Reached XP level 6. HP: 28/28 MP: 8/8
  5757 | D:6      | Noticed a steam dragon
  5775 | D:6      | Killed a steam dragon
  5775 | D:6      | Killed by an exploding themself... ignited by their inner
                  | flame

Illustrated notes

Levels and vault maps discovered:
D:1:      dpeg_arrival_three_same_balls, layout_basic, minmay_misc_feat_tiny,
          due_unseen_surprise
D:2:      layout_basic, serial_rivers, chequers_serial_rivers_room_b,
          chequers_serial_rivers_micro_a, chequers_serial_rivers_small_b,
          chequers_serial_rivers_small_3, chequers_serial_rivers_micro_a,
          shapermc_ecumenical_altar_gd
D:3:      layout_loops_ring, nicolae_ru_path_of_blood, tso_altar,
          gup_sewer_entry_spiral
D:4:      layout_layer_cave
D:5:      layout_basic
D:6:      layout_gridville, dk_yredelemnul_ordeal,
          minmay_temple_entry_sparse_star

Skill      XL: |  1  2  3  4  5  6 |
---------------+-------------------+-----
Stealth        | 1 2 3 |  3.0
Fighting       | 2 3 4 |  4.2
Dodging        | 3 |  3.0
Spellcasting   | 1 |  1.0
Unarmed Combat | 4 5 |  5.0
Hexes          | 2 4 |  4.0
Shapeshifting  | 4 |  4.0
Summonings     | 1 |  1.0
Transmutations | |  0.5

Action                     |  1- 3 |  4- 6 || total
---------------------------+-------+-------++-------
  Melee: Unarmed           |   106 |   208 ||   314
         Punch             |     5 |     4 ||     9
         Bite              |    10 |    18 ||    28
   Cast: Summon Guardian G |       |     2 ||     2
    Use: Potion            |       |     5 ||     5
   Stab: Sleeping          |     1 |     8 ||     9
         Distracted        |       |     1 ||     1
 Armour: Skin              |     1 |    16 ||    17
  Dodge: Dodged            |    53 |   116 ||   169

Table legend: (Time is in decaauts)
 A = Elapsed time spent in this place.
 B = Non-inter-level travel time spent in this place.
 C = Inter-level travel time spent in this place.
 D = Time resting spent in this place.
 E = Time spent auto-exploring this place.
 F = Levels seen in this place.
 G = Mean time per level.
                   A        B        C        D        E       F      G
               +--------+--------+--------+--------+--------+-----+--------+
         Total |   4980 |   4518 |    462 |    799 |   2314 |   7 |  711.4 |
       Dungeon |   4500 |   4038 |    462 |    620 |   2278 |   6 |  750.0 |
         Sewer |    479 |    479 |      0 |    179 |     36 |   1 |  479.0 |
               +--------+--------+--------+--------+--------+-----+--------+

Top non-repeatable levels by time:
     D:2: 1016 daAuts
     D:3: 1013 daAuts
     D:4: 896 daAuts
     D:5: 816 daAuts
     D:1: 705 daAuts
   Sewer: 479 daAuts
     D:6: 52 daAuts
